 Dungeon Crawl Stone Soup version 0.27-a0-660-g90476cec82 (webtiles) character file.

Game seed: 17589683977548967478

714455 spiderkeys the Conqueror (level 27, -20/273 HPs)
             Began as a Minotaur Berserker on Mar 17, 2021.
             Was the Champion of Trog.
             Demolished by an Orb Guardian (25 damage)
             ... on level 5 of the Realm of Zot.
             The game lasted 02:45:53 (82202 turns).

spiderkeys the Conqueror (Minotaur Berserker)      Turns: 82202, Time: 02:45:55

Health: -20/273    AC: 53    Str: 49    XL:     27
Magic:  22/22      EV: 11    Int:  6    God:    Trog [******]
Gold:   3392       SH: 41    Dex:  9    Spells: 26/26 levels left

rFire    + . .     SeeInvis .   C - +9 demon trident (vamp)
rCold    + + +     Faith    .   u - +18 shield of the Gong {rElec rN+ Will+ EV-5}
rNeg     + + .     Spirit   .   p - +11 gold dragon scales
rPois    +         Reflect  +   G - +2 hat
rElec    +         Harm     .   R - +2 cloak {rC+}
rCorr    +         Rampage  .   T - +0 pair of gloves of Koruppuc {rCorr}
Will     +++..     Rnd*Rage +   Z - +2 pair of boots {Fly}
Stlth    ..........             a - amulet of the Amoeba {Reflect rN+ Str+3 SH+5}
HPRegen  0.00/turn              e - ring "Futrof" {rC+ AC+4 Str+4}
MPRegen  0.18/turn              i - ring of Due Proportion {Str+6 Slay+3}

@: about to teleport, flying, contaminated, glowing, studying 3 skills
A: horns 2, retaliatory headbutt, beak, camouflage 1, berserk 1, cold resistance
1, screaming 1, inhibited regeneration, strong 1
}: 4/15 runes: barnacled, slimy, silver, gossamer
a: Stop Flying, Renounce Religion, Berserk, Trog's Hand, Brothers in Arms


You were on level 5 of the Realm of Zot.
You worshipped Trog.
Trog was exalted by your worship.
You visited 10 branches of the dungeon, and saw 54 of its levels.
You visited the Abyss 1 time.
You visited 2 bazaars.
You also visited: Sewer, Ossuary, Gauntlet, Ice Cave, Wizlab and Desolation.

You collected 9134 gold pieces.
You spent 5742 gold pieces at shops.

Inventory:

Hand Weapons
 m - a +8 spectral demon trident
 C - a +9 vampiric demon trident (weapon)
Missiles
 b - 5 throwing nets
 I - 37 javelins
 U - 77 silver javelins
Armour
 p - +11 gold dragon scales (worn)
 u - the +18 shield of the Gong (worn) {rElec rN+ Will+ EV-5}
   (You bought it in a shop on level 11 of the Dungeon)

   It affects your evasion (-5).
   It insulates you from electricity.
   It protects you from negative energy.
   It affects your willpower, your defense against some magical effects.
 G - a +2 hat (worn)
 Q - the +4 moon troll leather armour {Spirit, Regen++ MP+5}
   (You took it off a moon troll in a wizard's laboratory)

   It affects your magic capacity (+5).
   It increases your rate of regeneration.
 R - a +2 cloak of cold resistance (worn)
 T - the +0 pair of gloves of Koruppuc (worn) {rCorr}
   (You found it in a wizard's laboratory)

   It provides partial protection from all sources of acid and corrosion.
 Y - the +0 pair of gloves of the Forest {Rampage}
   (You found it on level 4 of the Shoals)

   It bestows one free step when moving towards enemies.
 Z - a +2 pair of boots of flying (worn)
Jewellery
 a - the amulet of the Amoeba (around neck) {Reflect rN+ Str+3 SH+5}
   (You bought it in a shop in a bazaar)

   [amulet of reflection]

   It shields you and reflects attacks.
   It affects your strength (+3).
   It protects you from negative energy.
   It affects your SH (+5).
 d - the ring "Gyklulim" {rF- Str+4 Int+6}
   (You found it on level 3 of the Elven Halls)

   [ring of intelligence]

   It affects your strength (+4).
   It affects your intelligence (+6).
   It makes you vulnerable to fire.
 e - the ring "Futrof" (right hand) {rC+ AC+4 Str+4}
   (You bought it in a shop in a bazaar)

   [ring of protection]

   It affects your AC (+4).
   It affects your strength (+4).
   It protects you from cold.
 i - the ring of Due Proportion (left hand) {Str+6 Slay+3}
   (You took it off a deep elf blademaster on level 3 of the Elven Halls)

   [ring of strength]

   It affects your strength (+6).
   It affects your accuracy and damage with ranged weapons and melee attacks
   (+3).
 o - the ring of Nosaoq {rF+ rC+ Will+ Int+4}
   (You took it off a vault warden on level 5 of the Vaults)

   [ring of protection from cold]

   It affects your intelligence (+4).
   It protects you from fire.
   It protects you from cold.
   It affects your willpower, your defense against some magical effects.
 X - the ring "Akhlid" {rC+ MP+9 AC+4 Dex-5 Slay+3}
   (You found it on level 4 of the Depths)

   [ring of protection]

   It affects your AC (+4).
   It affects your dexterity (-5).
   It affects your accuracy and damage with ranged weapons and melee attacks
   (+3).
   It protects you from cold.
   It affects your magic capacity (+9).
Wands
 q - a wand of paralysis (60)
 r - a wand of acid (46)
 F - a wand of mindburst (50)
 J - a wand of digging (14)
 P - a wand of iceblast (35)
 V - a wand of charming (23)
Scrolls
 g - 15 scrolls of teleportation
 h - 3 scrolls of immolation
 l - 3 scrolls of torment
 v - a scroll of enchant weapon
 w - a scroll of blinking
 y - 8 scrolls of fear
 z - 24 scrolls of identify
 D - a scroll of enchant armour
 E - 9 scrolls of fog
 K - 3 scrolls of brand weapon
 L - 4 scrolls of silence
 N - 2 scrolls of vulnerability
Potions
 c - 27 potions of curing
 f - 7 potions of heal wounds
 k - 13 potions of attraction
 n - 18 potions of ambrosia
 s - 7 potions of mutation
 t - 6 potions of invisibility
 x - 15 potions of lignification
 A - 5 potions of berserk rage
 B - 12 potions of haste
 H - 7 potions of cancellation
 M - 7 potions of might
Miscellaneous
 j - a box of beasts
 W - a phantom mirror


   Skills:
 O Level 27 Fighting
 * Level 25.6 Polearms
 * Level 14.2 Throwing
 - Level 25.5 Armour
 * Level 23.8 Dodging
 + Level 19.6 Shields
 + Level 14.8 Evocations


You had 26 spell levels left.
You didn't know any spells.
Your spell library contained the following spells:

 Spells                   Type           Power      Damage    Failure   Level
 Animate Skeleton         Necr           0%         N/A       83%         1
 Apportation              Tloc           0%         N/A       83%         1
 Beastly Appendage        Tmut           0%         N/A       83%         1
 Corona                   Hex            0%         N/A       83%         1
 Foxfire                  Conj/Fire      0%         2x1d4     83%         1
 Freeze                   Ice            0%         1d3       83%         1
 Magic Dart               Conj           0%         1d3       83%         1
 Pain                     Necr           0%         1d4       83%         1
 Sandblast                Erth           0%         2d4       83%         1
 Shock                    Conj/Air       0%         1d3       83%         1
 Sting                    Tmut/Pois      0%         1d3       83%         1
 Summon Small Mammal      Summ           0%         N/A       83%         1
 Blink                    Tloc           N/A        N/A       93%         2
 Call Imp                 Summ           0%         N/A       93%         2
 Corpse Rot               Necr/Air       N/A        N/A       93%         2
 Ensorcelled Hibernation  Hex/Ice        0%         N/A       93%         2
 Passwall                 Tmut/Erth      0%         N/A       93%         2
 Poisonous Vapours        Pois/Air       0%         N/A       93%         2
 Searing Ray              Conj           0%         3d3       93%         2
 Slow                     Hex            0%         N/A       93%         2
 Swiftness                Air            0%         N/A       93%         2
 Wereblood                Tmut           0%         N/A       93%         2
 Call Canine Familiar     Summ           0%         N/A       99%         3
 Conjure Flame            Conj/Fire      0%         6-21      99%         3
 Dazzling Flash           Conj/Hex       0%         N/A       99%         3
 Frozen Ramparts          Ice            0%         1d2       99%         3
 Ignite Poison            Fire/Tmut/Pois 0%         N/A       99%         3
 Inner Flame              Hex/Fire       0%         N/A       99%         3
 Lesser Beckoning         Tloc           0%         N/A       99%         3
 Mephitic Cloud           Conj/Pois/Air  0%         N/A       99%         3
 Ozocubu's Armour         Ice            0%         N/A       99%         3
 Portal Projectile        Hex/Tloc       0%         N/A       99%         3
 Spider Form              Tmut/Pois      0%         N/A       99%         3
 Static Discharge         Conj/Air       0%         N/A       99%         3
 Stone Arrow              Conj/Erth      0%         3d7       99%         3
 Summon Guardian Golem    Hex/Summ       0%         N/A       99%         3
 Tukima's Dance           Hex            0%         N/A       99%         3
 Vampiric Draining        Necr           0%         2d6       99%         3
 Airstrike                Air            0%         N/A       100%        4
 Animate Armour           Summ/Erth      0%         N/A       100%        4
 Animate Dead             Necr           0%         N/A       100%        4
 Cause Fear               Hex            0%         N/A       100%        4
 Fulminant Prism          Conj/Hex       0%         3d6       100%        4
 Hailstorm                Conj/Ice       0%         3d3       100%        4
 Ice Form                 Ice/Tmut       0%         N/A       100%        4
 Iskenderun's Mystic Bla  Conj/Tloc      0%         2d3       100%        4
 Leda's Liquefaction      Hex/Erth       0%         N/A       100%        4
 Petrify                  Tmut/Erth      0%         N/A       100%        4
 Summon Ice Beast         Ice/Summ       0%         N/A       100%        4
 Summon Lightning Spire   Summ/Air       0%         N/A       100%        4
 Agony                    Necr           0%         N/A       100%        5
 Alistair's Intoxication  Tmut/Pois      0%         N/A       100%        5
 Blade Hands              Tmut           0%         N/A       100%        5
 Borgnjor's Vile Clutch   Necr/Erth      0%         N/A       100%        5
 Fireball                 Conj/Fire      0%         3d3       100%        5
 Irradiate                Conj/Tmut      0%         3d13      100%        5
 Lee's Rapid Deconstruct  Erth           0%         3d5*      100%        5
 Lightning Bolt           Conj/Air       0%         1d11      100%        5
 Metabolic Englaciation   Hex/Ice        0%         N/A       100%        5
 Silence                  Hex/Air        0%         N/A       100%        5
 Yara's Violent Unravell  Hex/Tmut       0%         3d3       100%        5
 Conjure Ball Lightning   Conj/Air       0%         3x3d6     100%        6
 Eringya's Noxious Bog    Tmut/Pois      0%         N/A       100%        6
 Freezing Cloud           Conj/Ice/Air   0%         6-21      100%        6
 Hydra Form               Tmut           0%         N/A       100%        6
 Invisibility             Hex            0%         N/A       100%        6
 Shadow Creatures         Summ           N/A        N/A       100%        6
 Simulacrum               Ice/Necr       0%         N/A       100%        6
 Starburst                Conj/Fire      0%         8x6d3     100%        6
 Statue Form              Tmut/Erth      0%         N/A       100%        6
 Dragon Form              Tmut           0%         N/A       100%        7
 Ozocubu's Refrigeration  Ice            0%         4d5       100%        7
 Borgnjor's Revivificati  Necr           0%         N/A       100%        8
 Discord                  Hex            0%         N/A       100%        8
 Ignition                 Fire           0%         3d3       100%        8
 Infestation              Necr           0%         N/A       100%        8
 Necromutation            Tmut/Necr      0%         N/A       100%        8
 Death's Door             Necr           0%         N/A       100%        9
 Dragon's Call            Summ           0%         N/A       100%        9
 Tornado                  Air            0%         N/A       100%        9


Dungeon Overview and Level Annotations

Branches:
Dungeon (15/15)            Temple (0/1) D:5            Lair (6/6) D:10
 Shoals (4/4) Lair:3       Spider (4/4) Lair:4        Slime (5/5) Lair:5
    Orc (2/2) D:9             Elf (3/3) Orc:2        Vaults (5/5) D:14
  Crypt (0/3) Vaults:3     Depths (5/5) D:15            Zot (5/5) Depths:5
  Sewer (visited)         Ossuary (visited)           IceCv (visited)
 WizLab (visited)         Desolation (visited)      Gauntlet (visited)

Altars:
Kikubaaqudgha
Qazlal
Ru
Sif Muna
Vehumet
Beogh
Lugonu

Shops:
D:6 *   D:11 ![?!   D:13 [[([   D:15 [   Orc:2 :([*   Elf:1 [   Elf:2 *
Shoals:2 (*   Shoals:3 =   Vaults:3 [   Depths:5 *

Portals:
Hell: Depths:1 Depths:2 Depths:3 Depths:4 Depths:5
Abyss: Depths:2 Depths:4
Pandemonium: Depths:2 Depths:3
Ziggurat: Depths:2


Innate Abilities, Weirdness & Mutations

You have a pair of horns on your head.
You reflexively headbutt those who attack you in melee.
You have a beak for a mouth.
Your skin changes colour to match your surroundings (Stealth+).
You tend to lose your temper in combat.
Your flesh is cold resistant. (rC+)
You occasionally shout uncontrollably at your foes.
You do not regenerate when monsters are visible.
Your muscles are strong. (Str +2)


Message History

BOUMMMMG!
You block the storm dragon's attack.
GONNNNG!
The Orb Guardian hits you but does no damage.
The green draconian completely misses you.
You furiously retaliate!
You headbutt the green draconian.
The green draconian tail-slaps you but does no damage.
You block the red draconian's attack.
GONNNNG!
The Orb Guardian hits you but does no damage.
The storm dragon bites you but does no damage.
You block the storm dragon's attack.
GONNNNG!
The storm dragon tramples you but does no damage.
You hear a shout!
You feel much better. The Orb Guardian misses you. You furiously retaliate!
You headbutt the Orb Guardian! You block the Orb Guardian's attack.
GONNNNG!
You block the green draconian's attack.
GONNNNG!
The green draconian tail-slaps you but does no damage.
The red draconian hits you but does no damage.
The Orb Guardian hits you!
* * * LOW HITPOINT WARNING * * *
You block the storm dragon's attack.
PTOANNNG!
You block the storm dragon's attack.
BOUMMMMG!
The storm dragon tramples you but does no damage.
An orb of fire comes into view.
You block the Orb Guardian's attack.
BONNNG!
The green draconian hits you with a +0 trident!!
* * * LOW HITPOINT WARNING * * *
The green draconian tail-slaps you!
* * * LOW HITPOINT WARNING * * *
You block the red draconian's attack.
GONNNNG!
The Orb Guardian hits you!!
You die...

. ... #▓▓▓▓▓▓▓▓▓▓▓##§...
###....*^.....§X..... #
##....##XX.....§.......
###########...###*XX[...§........
.............###dXXXy..^.........
............## #@DXXD............
^...........# #XdX........^....^
...........## #XX...............
...........# #.................
.).........## #.................
............# ##.......§.....§..
.....)......## ##.^............§
.............# ##.(............
#####.######## ###############


You could see 2 orbs of fire, a golden dragon, a storm dragon (berserk), a green
draconian (berserk), a red draconian (berserk), 13 Orb Guardians and a moth of
wrath.

Vanquished Creatures
  the Royal Jelly (Slime:5)
  4 dread liches
  4 orbs of fire
  4 ancient liches
  A juggernaut (Depths:2)
  Bai Suzhen (Vaults:5)
  2 Killer Klowns (Zot:5)
  The ghost of GEC the Hawkeye, a veteran TrBr of Yredelemnul (Depths:4)
  Xtahua (Vaults:4)
  Saint Roka (Orc:2)
  A curse toe (Zot:4)
  Nikola (Depths:1)
  12 golden dragons
  Arachne (Spider:2)
  2 electric golems
  16 tentacled monstrosities
  Jorgrun (D:13)
  The ghost of Opuan the Severer, an adept NaFi of Cheibriados (Depths:4)
  A moon troll (WizLab)
  5 liches
  4 deep elf blademasters
  8 titans
  10 Orb Guardians (Zot:5)
  3 deep elf master archers (Elf:3)
  7 quicksilver dragons
  17 acid blobs
  5 krakens
  Frances (D:13)
  6 sphinxes
  12 death cobs
  10 tentacled starspawn (WizLab)
  12 storm dragons
  6 shadow dragons
  11 rockslimes
  6 tengu reavers
  2 draconian monks (Zot:1)
  7 azure jellies
  11 fire giants
  6 draconian knights
  3 frost giants
  4 deep elf sorcerers
  3 imperial myrmidons (Desolation)
  3 cacodemons
  3 iron dragons
  24 vault wardens
  12 ghost moths
  5 emperor scorpions (Spider:4)
  6 deep elf elementalists
  5 draconian scorchers
  7 draconian stormcallers
  2 orc warlords (Orc:2)
  6 draconian shifters
  7 war gargoyles
  Aizul (Shoals:2)
  3 spriggan defenders
  3 draconian annihilators
  14 ironbound preservers
  49 very ugly things
  7 quicksilver oozes
  A quicksilver ooze (shapeshifter) (Vaults:5)
  22 stone giants
  A juggernaut skeleton (Depths:4)
  5 green draconians
  2 vampire knights
  8 entropy weavers
  15 yellow draconians
  Azrael (Orc:2)
  7 black draconians
  7 deep elf demonologists
  A deep elf annihilator (Elf:3)
  10 red draconians
  9 spark wasps
  A dire elephant (shapeshifter) (Vaults:5)
  11 white draconians
  The ghost of Beilucy the Cruncher, a journeyman FoFi of Gozag (Lair:4)
  5 dire elephants
  A minotaur (Gauntlet)
  A spark wasp (shapeshifter) (Vaults:4)
  9 purple draconians
  4 merfolk javelineers
  Snorg (Orc:1)
  An ettin (shapeshifter) (Vaults:5)
  13 ettins
  5 crystal guardians
  5 ragged hierophants (Desolation)
  6 merfolk impalers
  10 deep elf death magi
  19 yaktaur captains
  A jiangshi (Vaults:3)
  2 servants of whispers (Desolation)
  18 great orbs of eyes
  6 ironbound thunderhulks
  11 peacekeepers
  10 fire dragons
  6 rakshasas
  A ghost crab (Gauntlet)
  4 deep elf high priests
  5 spriggan air magi
  5 boulder beetles
  An ice dragon (shapeshifter) (Vaults:5)
  9 hydras
  34 vault guards
  11 ice dragons
  2 hell beasts (Depths:3)
  4 ogre magi
  4 merfolk aquamancers
  2 catoblepae
  13 ironbound frosthearts
  An alligator snapping turtle (Shoals:4)
  14 centaur warriors
  An anaconda (shapeshifter) (Vaults:4)
  2 merfolk avatars
  A death knight (D:14)
  7 satyrs
  7 tengu warriors
  27 dancing weapons
  8 deep troll shamans
  2 vampire magi
  2 hell hogs (Depths:5)
  Urug (Lair:5)
  7 deep troll earth magi
  6 spriggan berserkers
  3 two-headed ogres
  8 death yaks
  A thrashing horror (Abyss:2)
  14 deep elf knights
  Sonja (D:10)
  7 ironbound beastmasters
  A soul eater (Depths:4)
  7 hell knights
  2 orc high priests (Orc:2)
  A goliath frog (shapeshifter) (Depths:4)
  8 iron trolls
  4 skeletal warriors
  A sun demon (Depths:3)
  A sixfirhy (Depths:3)
  A fire crab (Lair:5)
  A storm dragon skeleton (Depths:4)
  3 wretched stars
  A torturous demonspawn (Depths:3)
  13 sea snakes
  An unseen horror (D:13)
  54 deep trolls
  9 glowing orange brains
  10 lindwurms
  An obsidian statue (Depths:3)
  6 phantasmal warriors
  3 orange crystal statues
  A golden dragon skeleton (Depths:4)
  10 necromancers
  6 orc knights
  A sphinx zombie (Vaults:1)
  3 flayed ghosts (Depths:2)
  12 wizards
  24 ironbound convokers
  22 harpies
  29 wolf spiders
  A tengu skeleton (Vaults:4)
  41 deep elf zephyrmancers
  8 deep elf archers
  A wolf spider zombie (D:14)
  46 fauns
  5 orc sorcerers
  29 deep elf pyromancers
  28 orb spiders
  19 manticores
  4 cyclopes
  A stone giant zombie (Depths:2)
  73 ugly things
  A salamander (D:15)
  A sphinx skeleton (Depths:2)
  7 shining eyes
  2 centaur zombies
  26 moths of wrath
  7 water nymphs
  23 vault sentinels
  8 black mambas
  Maurice (Orc:2)
  6 eyes of devastation
  17 elephants
  A frost giant skeleton (Depths:4)
  An ice statue (IceCv)
  6 merfolk sirens
  2 rust devils (Depths:3)
  5 torpor snails
  5 human skeletons
  A smoke demon (Depths:3)
  A gargoyle (D:10)
  A titan simulacrum (Depths:4)
  23 cane toads
  A rime drake (shapeshifter) (Vaults:5)
  A kobold demonologist (D:11)
  3 elf skeletons
  An efreet (D:15)
  51 yaktaurs
  16 freezing wraiths
  2 rime drakes
  A hellwing (Depths:4)
  13 komodo dragons
  5 tengu conjurers
  An ice devil (Depths:3)
  2 red devils
  12 demonic crawlers
  An ancient zyme (Abyss:2)
  2 queen bees
  10 trolls
  A meliai (shapeshifter) (Depths:4)
  3 meliai (Spider:3)
  7 wind drakes
  28 merfolk
  6 polar bears
  56 jumping spiders
  27 saltlings (Desolation)
  A wolf spider simulacrum (IceCv)
  10 hornets
  4 raiju
  10 snapping turtles
  55 slime creatures
  14 dream sheep
  2 meliai zombies
  19 blink frogs
  77 redbacks
  A vampire (D:11)
  4 air elementals
  4 ynoxinuls
  A shadow (D:12)
  33 tarantellas
  3 spriggans (Depths:5)
  8 wyverns
  33 yaks
  A spriggan (shapeshifter) (D:15)
  4 wraiths
  3 basilisks
  7 fire elementals
  21 water elementals
  2 small abominations
  2 chaos spawn (Depths:3)
  A hog (shapeshifter) (Vaults:5)
  A human (D:14)
  4 golden eyes
  5 vampire mosquitoes (D:14)
  A steam dragon (D:12)
  A death yak simulacrum (IceCv)
  Menkaure (D:7)
  2 neqoxecs (WizLab)
  4 wargs
  2 acid dragons (D:13)
  11 hell hounds
  3 soldier ants
  A large abomination (Abyss:2)
  23 water moccasins
  3 sky beasts
  51 orc warriors
  8 ice beasts
  A hornet zombie (D:15)
  An ettin simulacrum (Vaults:3)
  3 human zombies
  A black bear (shapeshifter) (D:9)
  A necrophage (D:8)
  3 black bears
  A snapping turtle zombie (Abyss:2)
  10 starcursed masses (WizLab)
  18 centaurs
  23 wolves
  14 ogres
  2 kobold brigands
  28 bullfrogs
  3 earth elementals
  A glowing shapeshifter simulacrum (Vaults:3)
  A wyvern zombie (D:13)
  7 scorpions
  2 water moccasin skeletons
  42 killer bees
  16 wights
  4 howler monkeys
  An elephant simulacrum (IceCv)
  6 electric eels
  A jelly (D:12)
  3 quasits
  A crimson imp (Depths:3)
  5 draconian simulacra (IceCv)
  A human simulacrum (Vaults:3)
  6 hounds
  Crazy Yiuf (D:7)
  28 orc priests
  6 centaur skeletons
  2 bullfrog skeletons
  4 iron imps
  Natasha (thrice) (D:2)
  3 iguanas
  8 worker ants
  12 hell rats
  4 troll simulacra (IceCv)
  24 orc wizards
  3 spriggan simulacra
  A polar bear simulacrum (IceCv)
  3 centaur simulacra (IceCv)
  A hound zombie (D:9)
  3 hound skeletons
  8 mummies (Ossuary)
  A worker ant zombie (D:10)
  3 gnolls (D:7)
  4 naga simulacra (IceCv)
  13 adders
  2 ogre simulacra (IceCv)
  4 river rats
  5 shadow imps
  28 white imps
  4 ufetubi
  An ooze (D:2)
  3 adder skeletons
  5 worms
  4 dart slugs
  9 leopard geckos
  116 orcs
  2 ball pythons
  8 bats
  5 giant cockroaches
  2 gnoll zombies (Ossuary)
  3 goblins
  11 hobgoblins
  10 jackals
  5 quokkas
  7 frilled lizards
  A hobgoblin zombie (Ossuary)
  A jackal skeleton (D:5)
  21 kobolds
  2 kobold zombies (Ossuary)
  3 orc zombies (Ossuary)
  A quokka skeleton (D:4)
  A quokka zombie (D:9)
  11 rats
  A fungus (Lair:4)
  11 starspawn tentacles (WizLab)
  18 tentacles
2797 creatures vanquished.

Vanquished Creatures (collateral kills)
  A rockslime (Slime:5)
  A draconian monk (Zot:1)
  An imperial myrmidon (Desolation)
  A draconian annihilator (Zot:1)
  2 draconian shifters (Zot:1)
  A yaktaur captain (Vaults:1)
  2 ragged hierophants (Desolation)
  A peacekeeper (Desolation)
  A vault guard (Vaults:1)
  3 servants of whispers (Desolation)
  A centaur warrior (Vaults:1)
  An ironbound convoker (Desolation)
  2 ugly things (Vaults:1)
  2 yaktaurs (Vaults:1)
  17 saltlings (Desolation)
  A yak (D:14)
  A vampire mosquito (D:14)
  2 wargs (Orc:2)
  9 orc warriors (Orc:2)
  An orc priest (Orc:2)
  An orc wizard (Orc:2)
  4 orcs (Orc:2)
56 creatures vanquished.

Vanquished Creatures (others)
  An ironbound preserver (Vaults:5)
  An ogre mage (D:14)
  A deep elf knight (Elf:2)
  A glowing orange brain (Vaults:2)
  A necromancer (Vaults:3)
  2 ironbound convokers (Vaults:2)
  2 wizards (Vaults:2)
  4 boggarts (Vaults:2)
  A leopard gecko (D:5)
  10 demonic plants (WizLab)
  61 fungi
  5 pillars of salt (Vaults:2)
  154 plants
  14 starspawn tentacles (WizLab)
  26 tentacles
284 creatures vanquished.

Grand Total: 3137 creatures vanquished

Notes
Turn   | Place    | Note
-------+----------+-------------------------------------------
     0 | D:1      | spiderkeys the Minotaur Berserker began the quest for the
                  | Orb.
     0 | D:1      | Reached XP level 1. HP: 19/19 MP: 0/0
   250 | D:1      | Reached XP level 2. HP: 20/27 MP: 1/1
  1117 | D:1      | Reached XP level 3. HP: 29/33 MP: 2/2
  1349 | D:1      | Reached skill level 4 in Fighting
  1573 | D:2      | Noticed a scorpion
  1582 | D:2      | Killed a scorpion
  1583 | D:2      | Reached XP level 4. HP: 21/40 MP: 3/3
  1755 | D:2      | Reached ** piety under Trog
  1940 | D:2      | Reached skill level 5 in Polearms
  2354 | D:2      | Found a sacrificial altar of Ru.
  2491 | D:2      | Noticed Natasha
  2497 | D:2      | Killed Natasha
  2498 | D:2      | Reached XP level 5. HP: 43/47 MP: 4/4
  2852 | D:2      | Noticed Natasha
  2864 | D:2      | Killed Natasha
  2943 | D:2      | Noticed Natasha
  2951 | D:2      | Killed Natasha
  3184 | D:3      | Found a glowing drain.
  3205 | Sewer    | Entered a sewer
  3216 | Sewer    | Reached XP level 6. HP: 45/55 MP: 5/5
  3333 | Sewer    | Reached skill level 5 in Fighting
  3336 | Sewer    | Reached *** piety under Trog
  3444 | Sewer    | Found a white marble altar of Elyvilon.
  4488 | D:4      | Found a sand-covered staircase.
  4511 | Ossuary  | Entered an ossuary
  4628 | Ossuary  | Reached XP level 7. HP: 61/61 MP: 6/6
  4873 | Ossuary  | Reached skill level 1 in Shields
  5376 | D:5      | Entered Level 5 of the Dungeon
  5407 | D:5      | Reached **** piety under Trog
  5457 | D:5      | Identified the amulet "Akhla" {Acrobat rC+ Int+4 Dex-2}
  5474 | D:5      | Found a staircase to the Ecumenical Temple.
  5573 | D:5      | Reached skill level 5 in Armour
  6538 | D:5      | Reached skill level 6 in Fighting
  6538 | D:5      | Reached XP level 8. HP: 57/67 MP: 7/7
  6663 | D:5      | Reached skill level 5 in Dodging
  7234 | D:6      | Found Usauzios's General Store.
  7698 | D:7      | Found a stormy altar of Qazlal.
  7718 | D:7      | Noticed Menkaure
  7725 | D:7      | Killed Menkaure
  7725 | D:7      | Reached ***** piety under Trog
  7763 | D:7      | Reached XP level 9. HP: 71/78 MP: 8/8
  7814 | D:7      | Reached skill level 7 in Fighting
  8515 | D:7      | Found a sacrificial altar of Ru.
  8738 | D:7      | Found a runed translucent door.
  8739 | D:7      | Noticed Crazy Yiuf
  8747 | D:7      | Killed Crazy Yiuf
  8934 | D:8      | Reached skill level 10 in Polearms
  9668 | D:9      | You fall into a shaft and drop 2 floors!
  9711 | D:11     | Reached skill level 8 in Fighting
  9937 | D:10     | Entered Level 10 of the Dungeon
 10101 | D:10     | Noticed Sonja
 10324 | D:10     | Noticed a gargoyle
 10330 | D:10     | Killed a gargoyle
 10331 | D:10     | Reached XP level 10. HP: 83/90 MP: 9/9
 10462 | D:10     | Found a staircase to the Lair.
 10550 | D:10     | Killed Sonja
 10551 | D:10     | Reached skill level 9 in Fighting
 11143 | D:10     | Found a stormy altar of Qazlal.
 12803 | D:9      | Noticed a six-headed hydra
 12811 | D:9      | Killed a six-headed hydra
 12812 | D:9      | Reached XP level 11. HP: 99/99 MP: 10/10
 13219 | D:9      | Identified the +0 scale mail of the Eternal Fruit {rCorr
                  | MP+9 Int-2}
 13465 | D:9      | Found a staircase to the Orcish Mines.
 13641 | D:9      | Identified the +14 plate armour "Captoaschu" {Harm Str+4
                  | Slay-5}
 13715 | D:11     | HP: 2/99 [orc priest/divine providence (20)]
 13716 | D:11     | Received a gift from Trog
 14106 | D:11     | Reached skill level 10 in Fighting
 14560 | D:11     | Noticed a two-headed ogre
 14562 | D:11     | Found Epemell's Distillery.
 14569 | D:11     | Killed a two-headed ogre
 14616 | D:11     | Found Latelifo's Magic Scroll Emporium.
 14616 | D:11     | Found Tarph's Antique Armour Emporium.
 14618 | D:11     | Found Vank's Distillery.
 14633 | D:11     | Bought a scroll of identify for 34 gold pieces
 14633 | D:11     | Bought a scroll of identify for 34 gold pieces
 14633 | D:11     | Bought a scroll of identify for 34 gold pieces
 14633 | D:11     | Bought a scroll of identify for 34 gold pieces
 15126 | D:12     | Reached skill level 10 in Armour
 15219 | D:12     | Noticed a cyan ugly thing
 15231 | D:12     | Killed a cyan ugly thing
 15591 | D:12     | Noticed a boulder beetle
 15631 | D:12     | Killed a boulder beetle
 15721 | D:12     | Noticed a skeletal warrior
 15722 | D:12     | Noticed a skeletal warrior
 15723 | D:12     | Noticed a skeletal warrior
 15723 | D:12     | Noticed a skeletal warrior
 15758 | D:11     | Killed a skeletal warrior
 16095 | D:11     | Killed a skeletal warrior
 16121 | D:11     | Killed a skeletal warrior
 16150 | D:12     | Killed a skeletal warrior
 16151 | D:12     | Reached XP level 12. HP: 43/108 MP: 11/11
 16687 | D:13     | Found Haokuwnug's Armour Emporium.
 16713 | D:13     | Reached skill level 11 in Fighting
 16809 | D:13     | Found Kynent's Antique Armour Boutique.
 16908 | D:13     | Found Idaugh's Magic Scroll Boutique.
 16949 | D:13     | Noticed Frances
 16970 | D:13     | Killed Frances
 16971 | D:13     | Reached skill level 10 in Dodging
 17076 | D:13     | Found Woce's Antique Weapon Shoppe.
 17111 | D:13     | Noticed a centaur warrior
 17122 | D:13     | Killed a centaur warrior
 17123 | D:13     | Reached skill level 15 in Polearms
 17128 | D:13     | Received a gift from Trog
 17284 | D:13     | Found a corrupted altar of Lugonu.
 17811 | D:13     | Noticed Jorgrun
 17840 | D:13     | Killed Jorgrun
 18120 | D:13     | Found Furuel's Antique Armour Emporium.
 18547 | D:14     | Identified the +2 ring mail of Untruth {rCorr}
 18589 | D:14     | Reached skill level 12 in Fighting
 18749 | D:14     | Noticed a death knight
 18772 | D:14     | Reached XP level 13. HP: 109/118 MP: 12/12
 19015 | D:14     | Received a gift from Trog
 20057 | D:14     | Paralysed by an orc sorcerer for 5 turns
 20063 | D:14     | Gained mutation: Armour fits poorly on your strangely
                  | shaped body. [a neqoxec]
 20278 | D:13     | Lost mutation: Armour fits poorly on your strangely shaped
                  | body. [potion of mutation]
 20278 | D:13     | Gained mutation: You have a beak for a mouth. [potion of
                  | mutation]
 20278 | D:13     | Gained mutation: Your system is resistant to poisons.
                  | (rPois) [potion of mutation]
 20278 | D:13     | Gained mutation: You can translocate small distances at
                  | will. [potion of mutation]
 21157 | D:14     | Found a gate to the Vaults.
 21268 | D:15     | Entered Level 15 of the Dungeon
 22066 | D:15     | Reached skill level 13 in Fighting
 22402 | D:15     | Found a staircase to the Depths.
 22402 | D:15     | Noticed a dire elephant
 22424 | D:15     | Killed a dire elephant
 22870 | D:15     | Found Dusu's Armour Shop.
 23264 | D:15     | Reached XP level 14. HP: 121/129 MP: 13/13
 23920 | Orc:1    | Entered Level 1 of the Orcish Mines
 23921 | Orc:1    | Noticed Snorg
 23935 | Orc:1    | Killed Snorg
 24700 | Orc:2    | Entered Level 2 of the Orcish Mines
 24706 | Orc:2    | Found a gate leading to a gauntlet.
 24715 | Gauntlet | Entered a Gauntlet
 24715 | Gauntlet | Found a transporter.
 24718 | Gauntlet | Found a transporter.
 24725 | Gauntlet | Found a transporter.
 24725 | Gauntlet | Found a transporter.
 24726 | Gauntlet | Found a transporter.
 24726 | Gauntlet | Found a transporter.
 24730 | Gauntlet | Found a runed translucent door.
 24732 | Gauntlet | Found a runed translucent door.
 24734 | Gauntlet | Found a transporter.
 24735 | Gauntlet | Found a transporter.
 24751 | Gauntlet | Found a large runed translucent door.
 24751 | Gauntlet | Found a large runed translucent door.
 24752 | Gauntlet | Found a large runed translucent door.
 24753 | Gauntlet | Found a large runed translucent door.
 24754 | Gauntlet | Found a runed translucent gate.
 24755 | Gauntlet | Found a transporter.
 24755 | Gauntlet | Found a runed translucent gate.
 24756 | Gauntlet | Found a runed translucent gate.
 24756 | Gauntlet | Found a large runed translucent door.
 24757 | Gauntlet | Found a large runed translucent door.
 24757 | Gauntlet | Found a large runed translucent door.
 24758 | Gauntlet | Found a large runed translucent door.
 24759 | Gauntlet | Found a large runed translucent door.
 24768 | Gauntlet | Found a large runed translucent door.
 24768 | Gauntlet | Found a large runed translucent door.
 24768 | Gauntlet | Found a runed translucent door.
 24768 | Gauntlet | Found a runed translucent door.
 24769 | Gauntlet | Found a large runed translucent door.
 24770 | Gauntlet | Found a large runed translucent door.
 24772 | Gauntlet | Found a transporter.
 24776 | Gauntlet | Found a transporter.
 24779 | Gauntlet | Found a large runed translucent door.
 24779 | Gauntlet | Found a large runed translucent door.
 24787 | Gauntlet | Found a transporter.
 24812 | Gauntlet | Found a large runed translucent door.
 25252 | Gauntlet | Identified the ring "Luplawokhle" {+Inv Str-4 Dex+6 Slay+2}
 25287 | Gauntlet | Identified the amulet of the Briny Deep {Faith rPois rN+
                  | Slay+2}
 25436 | Orc:2    | Found a staircase to the Elven Halls.
 25674 | Orc:2    | Reached ****** piety under Trog
 25755 | Orc:2    | Noticed Maurice
 25760 | Orc:2    | Killed Maurice
 25773 | Orc:2    | Noticed Azrael
 25778 | Orc:2    | Received a gift from Trog
 25787 | Orc:2    | Killed Azrael
 26098 | Orc:2    | Found Hoef's Book Boutique.
 26502 | Orc:2    | Noticed Saint Roka
 26517 | Orc:2    | Reached skill level 5 in Shields
 26549 | Orc:2    | Found Teluet's Antique Weapon Shop.
 26552 | Orc:2    | Received a gift from Trog
 26564 | Orc:2    | Killed Saint Roka
 26965 | Orc:2    | Found Wauna's Antique Armour Boutique.
 27158 | Orc:2    | Found Tuety's General Store.
 27197 | Orc:2    | Noticed an orc warlord
 27229 | Orc:2    | Killed an orc warlord
 27313 | Orc:2    | Noticed an orc warlord
 27328 | Orc:2    | Killed an orc warlord
 27378 | Orc:2    | Identified the +5 hunting sling of Emeroh {vorpal, Dex+2}
 27797 | Lair:1   | Entered Level 1 of the Lair of Beasts
 27815 | Lair:1   | Reached skill level 14 in Fighting
 27963 | Lair:1   | Received a gift from Trog
 29153 | Lair:2   | You fall into a shaft and drop 1 floor!
 30255 | Lair:3   | Reached XP level 15. HP: 107/138 MP: 14/14
 30804 | Lair:3   | Received a gift from Trog
 31022 | Lair:3   | Found a staircase to the Shoals.
 31721 | Lair:4   | Found a large runed translucent door.
 31722 | Lair:4   | Found a large runed translucent door.
 31733 | Lair:4   | Found a hole to the Spider Nest.
 32190 | Lair:4   | Noticed Beilucy's ghost (journeyman FoFi)
 32284 | Lair:4   | Killed Beilucy's ghost
 32507 | Lair:4   | Identified the +1 ring mail of Thoughtfulness {Str+4}
 32702 | Lair:5   | Found a staircase to the Slime Pits.
 32751 | Lair:5   | Noticed Urug
 32760 | Lair:5   | Killed Urug
 32887 | Lair:5   | You fall into a shaft and drop 1 floor!
 32887 | Lair:6   | Entered Level 6 of the Lair of Beasts
 32895 | Lair:6   | Found a frozen archway.
 32920 | IceCv    | Entered an ice cave
 32925 | IceCv    | Received a gift from Trog
 33604 | IceCv    | Found an ancient bone altar of Kikubaaqudgha.
 33785 | IceCv    | Received a gift from Trog
 34574 | Lair:6   | Identified the +1 scale mail of the Game of Life {+Inv rC-
                  | Int+3}
 34620 | Lair:6   | Reached skill level 15 in Fighting
 34758 | Lair:6   | Received a gift from Trog
 35530 | Lair:5   | Found a runed translucent door.
 35576 | Lair:5   | Found a stormy altar of Qazlal.
 35595 | Lair:5   | Reached skill level 15 in Armour
 35600 | Lair:5   | Reached XP level 16. HP: 149/149 MP: 15/15
 36293 | Lair:5   | Reached skill level 10 in Shields
 36815 | Spider:1 | Entered Level 1 of the Spider Nest
 37056 | Spider:1 | Received a gift from Trog
 37092 | Spider:1 | Reached skill level 16 in Fighting
 37998 | Spider:2 | Received a gift from Trog
 38220 | Spider:2 | Identified the +1 kite shield of Going Fast {+Fly rPois
                  | Regen+ Stlth-}
 38261 | Spider:2 | Noticed Arachne
 38273 | Spider:2 | Killed Arachne
 39608 | Spider:3 | Reached XP level 17. HP: 105/160 MP: 16/16
 40124 | Spider:3 | Reached skill level 17 in Fighting
 40720 | Spider:3 | Identified the +2 spear "Busch" {vorpal, rElec rPois Int-2
                  | Dex+4} (Trog gifted it to you on level 3 of the Spider
                  | Nest)
 40720 | Spider:3 | Received a gift from Trog
 41801 | Spider:4 | Entered Level 4 of the Spider Nest
 42437 | Spider:4 | Received a gift from Trog
 43525 | Spider:4 | Identified the +5 spear of the Mosquito {flame, rC+} (Trog
                  | gifted it to you on level 4 of the Spider Nest)
 43525 | Spider:4 | Received a gift from Trog
 43595 | Spider:4 | Reached skill level 18 in Fighting
 44180 | Spider:4 | Got a gossamer rune of Zot
 44865 | Vaults:1 | Entered Level 1 of the Vaults
 44968 | D:11     | Bought the +18 shield of the Gong {rElec rN+ Will+ EV-5}
                  | for 2919 gold pieces
 44968 | D:11     | Found the +18 shield of the Gong {rElec rN+ Will+ EV-5}
 45155 | Vaults:1 | Reached XP level 18. HP: 140/172 MP: 17/17
 45908 | Vaults:1 | Received a gift from Trog
 45912 | Vaults:1 | Reached skill level 15 in Shields
 46169 | Vaults:1 | Reached skill level 19 in Fighting
 47330 | Vaults:2 | Found a ruined gateway.
 47360 | Vaults:2 | Found a flickering gateway to a bazaar.
 47370 | Bazaar   | Entered a bazaar
 47438 | Bazaar   | Found Etob's Antique Weapon Boutique.
 47513 | Bazaar   | Found Umuxuev's Antique Weapon Boutique.
 47541 | Bazaar   | Found Faanepp's Antique Armour Shoppe.
 47580 | Bazaar   | Found Ysobbawk's Book Emporium.
 47617 | Bazaar   | Found Sucweat's Distillery.
 47622 | Bazaar   | Bought a potion of curing for 42 gold pieces
 47622 | Bazaar   | Bought a potion of curing for 42 gold pieces
 47622 | Bazaar   | Bought a potion of heal wounds for 70 gold pieces
 47622 | Bazaar   | Bought a potion of curing for 42 gold pieces
 47622 | Bazaar   | Bought a potion of curing for 42 gold pieces
 47622 | Bazaar   | Bought a potion of heal wounds for 70 gold pieces
 47622 | Bazaar   | Bought a potion of heal wounds for 70 gold pieces
 47622 | Bazaar   | Bought a potion of curing for 42 gold pieces
 47711 | Desolati | Entered the Desolation of Salt
 47862 | Desolati | Received a gift from Trog
 48152 | Desolati | Reached skill level 20 in Fighting
 48167 | Desolati | Reached XP level 19. HP: 152/185 MP: 18/18
 48184 | Desolati | Received a gift from Trog
 48384 | Desolati | Identified the +0 cloak of Dramatic Exits {Rampage rElec
                  | rN++ Int-4}
 48385 | Desolati | Identified the Compendium of the Entourage
 48450 | Desolati | Identified Biesat's Volume of Shifting Black Arts
 49256 | Vaults:2 | Received a gift from Trog
 49814 | Vaults:2 | Reached skill level 21 in Fighting
 49996 | Vaults:2 | Received a gift from Trog
 50042 | Vaults:2 | You fall into a shaft and drop 2 floors!
 50216 | Vaults:4 | Cast into level 2 of the Abyss (a wizard)
 50482 | Vaults:4 | Escaped the Abyss
 50555 | Vaults:4 | Reached XP level 20. HP: 190/199 MP: 19/19
 50606 | Vaults:4 | Received a gift from Trog
 50647 | Vaults:4 | Reached skill level 22 in Fighting
 51319 | Vaults:4 | Received a gift from Trog
 51558 | Vaults:4 | Identified the +5 mace of the Dwarven Hall {pain, Dex+4}
 51649 | Vaults:3 | Noticed Xtahua
 51664 | Vaults:3 | Paralysed by Xtahua for 2 turns
 51677 | Vaults:4 | Killed Xtahua
 51849 | Vaults:3 | Received a gift from Trog
 51994 | Vaults:3 | Found a staircase to the Crypt.
 52098 | Vaults:3 | Reached skill level 23 in Fighting
 52516 | Vaults:3 | Reached skill level 1 in Throwing
 52522 | Vaults:3 | Reached skill level 1 in Evocations
 52596 | Vaults:3 | Found Qizoawen's Antique Armour Shop.
 52905 | Vaults:2 | Received a gift from Trog
 52937 | Vaults:2 | Reached XP level 21. HP: 211/211 MP: 20/20
 53540 | Vaults:5 | Entered Level 5 of the Vaults
 54045 | Vaults:5 | Noticed a golden dragon
 54222 | Vaults:5 | Paralysed by an ogre mage for 3 turns
 54285 | Vaults:5 | Identified the ring of Nosaoq {rF+ rC+ Will+ Int+4}
 54298 | Vaults:5 | Noticed Bai Suzhen
 54304 | Vaults:5 | Identified the +8 quarterstaff "Earthworm" {speed, *Noise
                  | rElec rC+++}
 54548 | Vaults:5 | Noticed a golden dragon
 54549 | Vaults:5 | a golden dragon changed into a fire giant
 54630 | Vaults:5 | Received a gift from Trog
 54651 | Vaults:5 | Reached skill level 5 in Throwing
 54749 | Vaults:5 | Noticed a dread lich
 54755 | Vaults:5 | Killed a dread lich
 54756 | Vaults:5 | Reached skill level 5 in Evocations
 54879 | Vaults:5 | Identified the ring of Starshine {rPois EV+4 Int+2 Dex-4}
 54890 | Vaults:5 | Noticed a dread lich
 54893 | Vaults:5 | Received a gift from Trog
 54908 | Vaults:5 | Paralysed by a dread lich for 4 turns
 54922 | Vaults:5 | Killed a dread lich
 55185 | Vaults:5 | Killed a golden dragon
 55186 | Vaults:5 | Reached XP level 22. HP: 222/222 MP: 21/21
 55192 | Vaults:5 | Reached skill level 24 in Fighting
 55203 | Vaults:5 | Noticed a caustic shrike
 55205 | Vaults:5 | a caustic shrike changed into an acid blob
 55217 | Vaults:5 | Noticed a caustic shrike
 55217 | Vaults:5 | an acid blob changed into a caustic shrike
 55222 | Vaults:5 | Noticed an ancient lich
 55230 | Vaults:5 | a caustic shrike changed into an iron giant
 55241 | Vaults:5 | Noticed an ancient lich
 55741 | Vaults:5 | Killed an ancient lich
 55745 | Vaults:5 | Reached skill level 15 in Dodging
 56184 | Vaults:5 | Identified the +9 rapier "Ediats" {elec, rElec Dex+4}
 56388 | Vaults:4 | Killed an ancient lich
 56651 | Vaults:5 | Killed Bai Suzhen
 56765 | Vaults:5 | Got a silver rune of Zot
 56834 | Vaults:5 | Identified Folimuamm's Almanac of Torrid Transformation
 57774 | Shoals:1 | Entered Level 1 of the Shoals
 57872 | Shoals:1 | Received a gift from Trog
 57924 | Shoals:1 | Found a flickering gateway to a bazaar.
 57930 | Bazaar   | Entered a bazaar
 57930 | Bazaar   | Found Dessual's Distillery.
 57968 | Bazaar   | Found Kegosecs's Jewellery Emporium.
 57982 | Bazaar   | Found Zavuphurph's Jewellery Shop.
 58008 | Bazaar   | Found Buofunly's Antique Armour Shoppe.
 58050 | Bazaar   | Bought the amulet of the Amoeba {Reflect rN+ Str+3 SH+5}
                  | for 380 gold pieces
 58050 | Bazaar   | Bought the ring "Futrof" {rC+ AC+4 Str+4} for 467 gold
                  | pieces
 58096 | Bazaar   | Bought a potion of haste for 190 gold pieces
 58096 | Bazaar   | Bought a potion of curing for 57 gold pieces
 58096 | Bazaar   | Bought a potion of curing for 57 gold pieces
 58477 | Shoals:1 | Found a runed translucent door.
 59044 | Shoals:2 | Noticed Aizul
 59050 | Shoals:2 | Killed Aizul
 59148 | Shoals:2 | Found Fisogud's Weapon Shoppe.
 59509 | Shoals:2 | Received a gift from Trog
 59737 | Shoals:2 | Found Vavur's General Store.
 59745 | Shoals:2 | Bought a scroll of teleportation for 45 gold pieces
 60022 | Shoals:3 | Found Zury's Jewellery Shop.
 60345 | Shoals:4 | Entered Level 4 of the Shoals
 60386 | Shoals:4 | Reached XP level 23. HP: 124/232 MP: 22/22
 60388 | Shoals:4 | Received a gift from Trog
 60393 | Shoals:3 | Reached skill level 10 in Throwing
 61762 | Shoals:4 | Received a gift from Trog
 61906 | Shoals:4 | Identified the ring "Bointuh" {rPois MP+9 Int+6}
 62105 | Shoals:4 | Got a barnacled rune of Zot
 62202 | Shoals:4 | Identified the +0 pair of gloves of the Forest {Rampage}
 62709 | Elf:1    | Entered Level 1 of the Elven Halls
 62726 | Elf:1    | Reached skill level 25 in Fighting
 62746 | Elf:1    | Found a radiant altar of Vehumet.
 62872 | Elf:1    | Reached skill level 10 in Evocations
 63078 | Elf:1    | Identified the +1 halberd of the Harvest {vorpal, +Blink
                  | rN++ Will- Stlth+} (Trog gifted it to you on level 1 of the
                  | Elven Halls)
 63078 | Elf:1    | Received a gift from Trog
 63280 | Elf:1    | Identified the Handbook of Arcane Weapons and the Entourage
 63841 | Elf:1    | Found Aheetzyu's Antique Armour Emporium.
 64082 | Elf:2    | Found a huge runed translucent gate.
 64082 | Elf:2    | Found a huge runed translucent gate.
 64082 | Elf:2    | Found a huge runed translucent gate.
 64083 | Elf:2    | Found a huge runed translucent gate.
 64084 | Elf:2    | Found a huge runed translucent gate.
 64122 | Elf:2    | Received a gift from Trog
 64219 | Elf:2    | Found a magical portal.
 64224 | WizLab   | Entered Lehudib's Moon Base
 64524 | WizLab   | Paralysed by accursed screaming for 1 turns
 64822 | WizLab   | Found a transporter.
 64898 | WizLab   | Gained mutation: You tend to lose your temper in combat. [a
                  | cacodemon]
 64999 | WizLab   | Found a transporter.
 65024 | WizLab   | Reached skill level 26 in Fighting
 65139 | WizLab   | Gained mutation: You occasionally shout uncontrollably at
                  | your foes. [a cacodemon]
 65163 | WizLab   | Reached XP level 24. HP: 223/245 MP: 22/22
 65666 | WizLab   | Gained mutation: You sometimes yell uncontrollably at your
                  | foes. [a cacodemon]
 65675 | WizLab   | Received a gift from Trog
 65887 | WizLab   | Identified the +0 pair of gloves of Koruppuc {rCorr}
 66205 | Elf:2    | Found Vewneaze's Assorted Antiques.
 66669 | Elf:2    | Received a gift from Trog
 66925 | Elf:3    | Entered Level 3 of the Elven Halls
 66933 | Elf:3    | Identified the +5 flail "Lisagak" {vorpal, *Rage +Inv rF++
                  | Dex+4}
 67206 | Elf:3    | Identified the ring of Due Proportion {Str+6 Slay+3}
 67209 | Elf:3    | Identified the +5 chain mail of Dogmatism {*Drain rCorr
                  | MP+9 Str+5}
 67228 | Elf:3    | Identified the +1 ring mail "Yrouxzing" {Rampage rElec rN++
                  | Int-5}
 67289 | Elf:3    | Identified the ring "Gyklulim" {rF- Str+4 Int+6}
 67300 | Elf:3    | Identified the +4 dagger of Corporal Punishment {protect,
                  | rPois Dex+2}
 67747 | Elf:3    | Received a gift from Trog
 68266 | Elf:3    | Identified the +2 dagger of Trog's Hope {vorpal, rF- rC+
                  | Will+ Str+3}
 68635 | Depths:1 | Entered Level 1 of the Depths
 68655 | Depths:1 | Noticed Nikola
 68664 | Depths:1 | Killed Nikola
 68985 | Depths:1 | Lost mutation: Your system is resistant to poisons. (rPois)
                  | [potion of mutation]
 68985 | Depths:1 | Lost mutation: You sometimes yell uncontrollably at your
                  | foes. [potion of mutation]
 68985 | Depths:1 | Lost mutation: You can translocate small distances at will.
                  | [potion of mutation]
 68985 | Depths:1 | Gained mutation: Your muscles are strong. (Str +2) [potion
                  | of mutation]
 68985 | Depths:1 | Gained mutation: You are agile. (Dex +2) [potion of
                  | mutation]
 68985 | Depths:1 | Gained mutation: Your movements are slightly less
                  | encumbered by armour. (ER -2) [potion of mutation]
 68986 | Depths:1 | Lost mutation: Your muscles are strong. (Str +2) [potion of
                  | mutation]
 68986 | Depths:1 | Lost mutation: You tend to lose your temper in combat.
                  | [potion of mutation]
 68986 | Depths:1 | Lost mutation: Your movements are slightly less encumbered
                  | by armour. (ER -2) [potion of mutation]
 68986 | Depths:1 | Gained mutation: You expend magic power (3 MP) to
                  | strengthen your wands. [potion of mutation]
 68986 | Depths:1 | Gained mutation: Your body sometimes deteriorates upon
                  | taking damage. [potion of mutation]
 68986 | Depths:1 | Gained mutation: You are robust. (+10% HP) [potion of
                  | mutation]
 68987 | Depths:1 | Lost mutation: Your body sometimes deteriorates upon taking
                  | damage. [potion of mutation]
 68987 | Depths:1 | Lost mutation: You are agile. (Dex +2) [potion of mutation]
 68987 | Depths:1 | Lost mutation: You occasionally shout uncontrollably at
                  | your foes. [potion of mutation]
 68987 | Depths:1 | Gained mutation: Your flesh is cold resistant. (rC+)
                  | [potion of mutation]
 69062 | Depths:1 | Found a runed translucent door.
 69296 | Depths:1 | Found a gateway to Hell.
 69697 | Depths:2 | Received a gift from Trog
 69923 | Depths:2 | Reached XP level 25. HP: 264/280 MP: 22/22
 70039 | Depths:2 | Noticed a juggernaut
 70052 | Depths:2 | Killed a juggernaut
 70053 | Depths:2 | Reached skill level 27 in Fighting
 70288 | Depths:2 | Identified the +2 mace of Guarch {vorpal, rN+} (Trog gifted
                  | it to you on level 2 of the Depths)
 70288 | Depths:2 | Received a gift from Trog
 70757 | Depths:2 | Found a one-way gate leading to the halls of Pandemonium.
 70759 | Depths:2 | Found a gateway to a ziggurat.
 70759 | Depths:2 | Found a one-way gate to the infinite horrors of the Abyss.
 70820 | Depths:2 | Identified the ring "Kynowox" {rElec rN+ MP+9 Dex-3 SInv}
 70877 | Depths:2 | Identified the +1 ring mail of Issor {rPois Str+4}
 71396 | Depths:3 | Received a gift from Trog
 72246 | Depths:4 | Received a gift from Trog
 72315 | Depths:4 | Reached XP level 26. HP: 258/292 MP: 22/22
 72707 | Depths:4 | Found a runed translucent gate.
 72712 | Depths:4 | Found a runed translucent gate.
 72715 | Depths:4 | Found an ancient bone altar of Kikubaaqudgha.
 72716 | Depths:4 | Noticed a dread lich
 72716 | Depths:4 | Noticed GEC's ghost (veteran TrBr)
 72717 | Depths:4 | Found a runed translucent gate.
 72717 | Depths:4 | Noticed an ancient lich
 72717 | Depths:4 | Noticed Opuan's ghost (adept NaFi)
 73221 | Depths:4 | Killed GEC's ghost
 73223 | Depths:4 | Killed an ancient lich
 73223 | Depths:4 | Received a gift from Trog
 73230 | Depths:4 | Killed Opuan's ghost
 73233 | Depths:4 | Killed a dread lich
 73253 | Depths:4 | Identified the ring "Akhlid" {rC+ MP+9 AC+4 Dex-5 Slay+3}
 73259 | Depths:4 | Identified the +0 cloak of Cinub {Str+3}
 73404 | Depths:5 | Entered Level 5 of the Depths
 73747 | Depths:5 | Identified the +7 chain mail "Rephukke" {rN+ Str+3}
 73924 | Depths:5 | Found a gate to the Realm of Zot.
 73934 | Depths:5 | Received a gift from Trog
 74008 | Depths:5 | Found Omuled's General Store.
 74014 | Depths:5 | Bought a scroll of acquirement for 936 gold pieces
 74014 | Depths:5 | Bought a scroll of enchant armour for 135 gold pieces
 74328 | Depths:5 | Acquired a manual of Evocations
 74691 | Slime:1  | Entered Level 1 of the Pits of Slime
 74912 | Slime:5  | Entered Level 5 of the Pits of Slime
 74984 | Slime:5  | Noticed the Royal Jelly
 74997 | Slime:4  | Received a gift from Trog
 75018 | Slime:5  | Reached XP level 27. HP: 286/300 MP: 22/22
 75092 | Slime:5  | Killed the Royal Jelly
 75452 | Slime:5  | Found the +6 arbalest "Damnation" {damnation}
 75526 | Slime:5  | Got a slimy rune of Zot
 75541 | Slime:5  | Identified the +5 glaive "Xackaony" {holy, SInv}
 75553 | Slime:5  | Identified the +8 scale mail of a bazaar {Rampage}
 75569 | Slime:5  | Identified the +6 chain mail of Philately {rElec rC+ Will+
                  | Str+2}
 76261 | Zot:1    | Entered Level 1 of the Realm of Zot
 76324 | Zot:1    | Noticed an orb of fire
 76346 | Zot:1    | Noticed an ancient lich
 76734 | Zot:1    | Noticed an orb of fire
 76757 | Zot:1    | Killed an orb of fire
 77002 | Zot:1    | You are sucked into a shaft and drop 1 floor!
 77025 | Zot:2    | Received a gift from Trog
 77556 | Zot:2    | Noticed an orb of fire
 77559 | Zot:2    | Gained mutation: You tend to lose your temper in combat.
                  | [an orb of fire]
 77570 | Zot:2    | Killed an orb of fire
 78288 | Zot:1    | Found a shimmering blue altar of Sif Muna.
 78292 | Zot:1    | Found a transporter.
 78620 | Zot:1    | Gained mutation: You are dopey. (Int -2) [an orb of fire]
 78621 | Zot:1    | Killed an orb of fire
 78623 | Zot:1    | Killed an ancient lich
 79078 | Zot:1    | Found a transporter.
 79228 | Zot:3    | Lost mutation: You are dopey. (Int -2) [potion of mutation]
 79228 | Zot:3    | Lost mutation: You expend magic power (3 MP) to strengthen
                  | your wands. [potion of mutation]
 79228 | Zot:3    | Gained mutation: Your flesh is very cold resistant. (rC++)
                  | [potion of mutation]
 79228 | Zot:3    | Gained mutation: You are dopey. (Int -2) [potion of
                  | mutation]
 79228 | Zot:3    | Lost mutation: You are dopey. (Int -2) [potion of mutation]
 79229 | Zot:3    | Lost mutation: You tend to lose your temper in combat.
                  | [potion of mutation]
 79229 | Zot:3    | Lost mutation: You are robust. (+10% HP) [potion of
                  | mutation]
 79229 | Zot:3    | Lost mutation: Your flesh is very cold resistant. (rC++)
                  | [potion of mutation]
 79229 | Zot:3    | Gained mutation: Your skin changes colour to match your
                  | surroundings (Stealth+). [potion of mutation]
 79229 | Zot:3    | Gained mutation: Your muscles are strong. (Str +2) [potion
                  | of mutation]
 79229 | Zot:3    | Gained mutation: You possess an exceptional clarity of
                  | mind. [potion of mutation]
 80139 | Zot:4    | Received a gift from Trog
 81312 | Zot:5    | Entered Level 5 of the Realm of Zot
 81790 | Zot:5    | Noticed a dread lich
 81802 | Zot:5    | Killed a dread lich
 81821 | Zot:5    | Noticed an orb of fire
 81825 | Zot:5    | Gained mutation: You occasionally shout uncontrollably at
                  | your foes. [an orb of fire]
 81826 | Zot:5    | Gained mutation: You do not regenerate when monsters are
                  | visible. [an orb of fire]
 81840 | Zot:5    | Killed an orb of fire
 82159 | Zot:5    | Noticed an ancient lich
 82160 | Zot:5    | Lost mutation: You possess an exceptional clarity of mind.
                  | [mutagenic glow]
 82179 | Zot:5    | Received a gift from Trog
 82185 | Zot:5    | Gained mutation: You tend to lose your temper in combat.
                  | [mutagenic glow]
 82200 | Zot:5    | Noticed an orb of fire
 82202 | Zot:5    | Noticed an orb of fire
 82202 | Zot:5    | HP: 5/273 [green draconian/+0 trident (9)]
 82202 | Zot:5    | Demolished by an Orb Guardian

Illustrated notes

Levels and vault maps discovered:
D:1:      minmay_arrival_four_houses, layout_loops_corners,
          minmay_split_cup_large
D:2:      layout_basic, nicolae_ru_path_of_blood, uniq_natasha
D:3:      layout_loops_ring, gup_sewer_entry_bubbles, grunt_ministairs_11
D:4:      layout_rooms, enter_ossuary_1, hangedman_decor_peaks_small
D:5:      layout_basic, minmay_temple_entry_glass,
          hangedman_abyss_or_decor_lesser_grid
D:6:      layout_rooms, serial_shops, shop
D:7:      layout_rooms, kennysheep_mini, minmay_misc_feat_square,
          nicolae_qazlal_general_emergency, uniq_menkaure,
          uniq_crazy_yiuf_cottage
D:8:      layout_cave_pods
D:9:      layout_big_octagon, david_orc_1_choice, dk_noncrumbling_4,
          minmay_three_doors
D:10:     layout_stronghold, due_lair_maze_entry_diamond, basic_altar,
          uniq_sonja
D:11:     layout_long_grid, minmay_shop_grid_forest
D:12:     layout_rooms, minmay_misc_feat_ornament
D:13:     layout_roguey [special_room_orc], serial_shops, kennysheep_mini_moat,
          shop, nicolae_shop_statue_plus, nicolae_shop_behind_doors,
          nicolae_shop_behind_doors, tgw_lugonu_bribe, uniq_frances,
          uniq_jorgrun
D:14:     layout_rooms, grunt_vaults_entry_fortified,
          infiniplex_staircase_trident, einodemon_crawler_minivault
D:15:     hangedman_depths_entry_try_elsewhere_first, layout_stronghold,
          minmay_hedge_maze, serial_shops, shop
Lair:1:   layout_small_grid
Lair:2:   layout_hall_layers
Lair:3:   layout_small_grid, elwin_shoals_entry_rocks
Lair:4:   layout_long_grid, spider_nest_entry_webs, ebering_ghost_disaster_area
Lair:5:   nzn_winding_woodlands_huge [nzn_winding_woodlands_5x15_pockets,
          nzn_winding_woodlands_5x15_longhouse,
          nzn_winding_woodlands_5x15_default,
          nzn_winding_woodlands_5x15_concentric,
          nzn_winding_woodlands_5x15_cabin, nzn_winding_woodlands_5x15_twine,
          nzn_winding_woodlands_5x15_crooked, nzn_winding_woodlands_5x15_pool,
          nzn_winding_woodlands_5x15_jagged,
          nzn_winding_woodlands_5x15_river_crossing,
          nzn_winding_woodlands_center_lodge,
          nzn_winding_woodlands_center_garden,
          nzn_winding_woodlands_15x15_killbox], layout_regular_city,
          dpeg_slime_entry_corner, basic_altar, pf_torpor_hydra,
          infiniplex_staircase_pool_2, uniq_urug
Lair:6:   grunt_lair_end_beastmaster, layout_regular_city, serial_rivers,
          chequers_serial_rivers_marsh, chequers_serial_rivers_room_b,
          chequers_serial_rivers_small_a, chequers_serial_rivers_small_b,
          chequers_serial_rivers_large_b, chequers_serial_rivers_small_a,
          portal_ice_cave_entry_imps, st_stairs_9
Shoals:1: layout_shoals, serial_shops, bzr_entry_road, lightli_airlock
Shoals:2: cheibrodos_shoals_oceanic_diplomacy, layout_shoals, serial_shops,
          shop, shop, uniq_aizul
Shoals:3: layout_shoals, serial_shops, nicolae_shop_stone
Shoals:4: shoals_end_grunt_garden, layout_shoals
Spider:1: layout_spider_delve
Spider:2: layout_spider_delve, uniq_arachne
Spider:3: layout_spider_delve, special_room [special_room_bee],
          nicolae_arachne_temple
Spider:4: johnstein_spider_rune_arachne_lair
Slime:1:  layout_caves
Slime:2:  layout_caves
Slime:3:  layout_caves
Slime:4:  layout_caves
Slime:5
Orc:1:    layout_caves, uniq_snorg
Orc:2:    grunt_orc_community_town_hall, layout_caves,
          grunt_orc_community_big_house_1, grunt_orc_community_big_house_2,
          grunt_orc_community_house_1, grunt_orc_community_house_1,
          grunt_orc_community_house_3, grunt_orc_community_house_3,
          grunt_orc_community_house_1, gauntlet_entry_generic,
          minmay_orc_treasury, uniq_maurice, uniq_azrael
Elf:1:    eino_elf_arrival_altar, layout_loops_corners, serial_shops, shop,
          minmay_elf_sorcery, minivault_16
Elf:2:    layout_geoelf_octagon, serial_shops, nicolae_shop_trees,
          infiniplex_enter_wizlab_spiral, lemuel_elevator
Elf:3:    minmay_elf_hall_statues, layout_geoelf_castle,
          minmay_misc_feat_diagonals
Vaults:1: ontoclasm_vaults_ring_square, v_alt_pattern_6, v_alt_pattern_4,
          v_rooms_1, nicolae_vaults_little_squares_5, hangedman_vaults_stitches,
          v_misc_33, vaults_room_door_hall, ontoclasm_vaults_ring_square,
          hangedman_vaults_restitches, layout_vaults_ring
Vaults:2: nicolae_vaults_circle_grid_a, nicolae_vaults_border_crossing,
          hangedman_vaults_trim, nicolae_vaults_alarming,
          nicolae_vaults_quartermaster, ontoclasm_vaults_chip,
          ontoclasm_vaults_decontamination, dpeg_vaults_monster_box,
          layout_vaults_omnigrid, portal_desolation_entry_garden, serial_shops,
          freezing_bzr
Vaults:3: minmay_crypt_entry_simple_sparse, v_misc_28, v_rooms_6,
          dpeg_vaults_monster_row, vaults_mumra_hexcomb,
          nicolae_vaults_circle_grid_b, vaults_room_grid, hangedman_vaults_maws,
          vaults_mumra_minichess_inversion, v_misc_23, v_misc_16,
          layout_vaults_maze, serial_shops, shop, uniq_xtahua
Vaults:4: ontoclasm_vaults_twist, hangedman_vaults_nails,
          nicolae_vaults_disjoint_gnomons, nicolae_vaults_rhombus_6,
          hangedman_vaults_pinch, vaults_room_large_hall, v_alt_pattern_6,
          v_rooms_5, ontoclasm_vaults_fault, vaults_room_hallway,
          layout_vaults_big_room
Vaults:5: uniq_bai_suzhen
Depths:1: layout_cave_shapes, grunt_hell_entry_dis_grunt,
          minmay_stone_trees_small, wad_hexagon, uniq_nikola
Depths:2: box_level_dp, abyss_entry, pan_entry, hell_entry
Depths:3: minmay_box_of_statues, layout_basic, grunt_pan_entry_spiral,
          hell_entry, hangedman_abyss_or_decor_jellyfish_corner,
          minmay_statues_item, minivault_10, minmay_stone_trees_large,
          hangedman_devilish_allure
Depths:4: minmay_cut_squares, layout_gridlike, hellmouth_1, abyss_entry,
          gammafunk_ghost_crypt, kennysheep_doodads,
          chequers_serial_rivers_small_b, firewood_loft,
          infiniplex_staircase_split_hallway
Depths:5: grunt_zot_entry_bicorn, layout_basic, serial_bayou_ford_a,
          grunt_hell_horde, minmay_shop_star
Zot:1:    gammafunk_sealed_library, layout_concentric_octagons,
          grunt_ministairs_2
Zot:2:    layout_gridlike
Zot:3:    layout_concentric_octagons
Zot:4:    layout_gridlike
Zot:5:    layout_misc_corridors, lemuel_baited_zot_trap

Skill      XL: |  1  2  3  4  5  6  7  8  9 10 11 12 13 14 15 16 17 18 19 20 21 22 23 24 25 26 27 |
---------------+----------------------------------------------------------------------------------+-----
Polearms       | 4 5 6 7 9 11 12 14 16 17 18 20 21 22 23 25 | 25.6
Armour         | 3 4 5 6 7 9 10 11 12 13 15 16 18 19 21 22 23 24 25 | 25.5
Fighting       | 4 5 6 8 9 10 12 13 14 15 16 18 20 21 23 24 26 27 | 27.0
Dodging        | 3 4 5 7 8 9 10 12 13 14 16 18 19 20 21 23 | 23.8
Shields        | 2 4 6 9 12 14 15 16 17 19 | 19.6
Throwing       | 2 7 9 10 14 | 14.2
Evocations     | 2 6 9 10 11 14 | 14.8

Action                   |  1- 3 |  4- 6 |  7- 9 | 10-12 | 13-15 | 16-18 | 19-21 | 22-24 | 25-27 || total
-------------------------+-------+-------+-------+-------+-------+-------+-------+-------+-------++-------
Melee: Spear             |   100 |   287 |   274 |       |       |   489 |       |       |       ||  1150
       Headbutt          |    10 |    41 |    85 |   132 |   282 |   352 |   437 |   343 |   615 ||  2297
       Trident           |       |       |   302 |   876 |   972 |     2 |       |       |       ||  2152
       Peck              |       |       |       |       |   239 |   294 |   428 |   322 |   551 ||  1834
       Glaive            |       |       |       |       |   430 |   850 |       |       |       ||  1280
       Demon trident     |       |       |       |       |       |   140 |  1547 |  1773 |  2071 ||  5531
Throw: Javelin           |       |       |       |       |       |       |       |     5 |    11 ||    16
Invok: Berserk           |       |     1 |     5 |     9 |    11 |     2 |       |     1 |     2 ||    31
       Brothers in Arms  |       |       |       |       |     3 |     7 |     2 |     2 |     3 ||    17
       Trog's Hand       |       |       |       |       |     2 |     5 |     3 |     3 |     3 ||    16
 Abil: Evoke Flight      |       |     1 |       |       |     1 |       |       |       |       ||     2
Evoke: Wand              |       |       |     2 |     2 |     2 |       |       |       |     1 ||     7
  Use: Scroll            |       |       |     7 |     7 |    13 |    13 |    10 |    13 |    18 ||    81
       Potion            |       |       |     4 |     2 |    12 |     7 |     4 |    11 |    10 ||    50
 Stab: Distracted        |       |       |       |       |       |     3 |     2 |     3 |     1 ||     9
       Held in net/web   |       |       |       |       |       |     1 |       |       |       ||     1
Armor: Leather armour    |    20 |     2 |       |       |       |       |       |       |       ||    22
       Chain mail        |       |    92 |   158 |       |       |       |       |       |       ||   250
       Plate armour      |       |       |    61 |   323 |   592 |   867 |   372 |   506 |   510 ||  3231
       Gold dragon scale |       |       |       |       |       |       |       |       |   262 ||   262
Dodge: Dodged            |    31 |    80 |   173 |   280 |   536 |   580 |   160 |   218 |   289 ||  2347
Block: Buckler           |       |     1 |    70 |    97 |   138 |       |       |       |       ||   306
       Kite shield       |       |       |       |       |       |   635 |  1345 |  2051 |  2341 ||  6372
       Reflection        |       |       |       |       |       |       |       |   237 |    51 ||   288

Table legend: (Time is in decaauts)
 A = Elapsed time spent in this place.
 B = Non-inter-level travel time spent in this place.
 C = Inter-level travel time spent in this place.
 D = Time resting spent in this place.
 E = Time spent auto-exploring this place.
 F = Levels seen in this place.
 G = Mean time per level.
                   A        B        C        D        E       F      G
               +--------+--------+--------+--------+--------+-----+--------+
         Total |  79357 |  73631 |   5726 |  14405 |  44747 |  63 | 1259.6 |
       Dungeon |  23866 |  21812 |   2054 |   6052 |  12557 |  15 | 1591.1 |
          Lair |   8212 |   7333 |    879 |    536 |   5896 |   6 | 1368.7 |
        Shoals |   4746 |   4245 |    501 |   1128 |   2187 |   4 | 1186.5 |
   Spider Nest |   7436 |   7268 |    168 |   1717 |   4457 |   4 | 1859.0 |
    Slime Pits |   1099 |   1030 |     69 |      0 |    619 |   5 |  219.8 |
  Orcish Mines |   3171 |   2926 |    245 |    670 |   1793 |   2 | 1585.5 |
   Elven Halls |   3664 |   3247 |    417 |      0 |   2394 |   3 | 1221.3 |
        Vaults |   9766 |   9221 |    545 |   2732 |   4074 |   5 | 1953.2 |
        Depths |   5530 |   5212 |    318 |     79 |   3815 |   5 | 1106.0 |
           Zot |   5546 |   5019 |    527 |    224 |   3848 |   5 | 1109.2 |
         Abyss |    247 |    247 |      0 |      0 |    107 |   1 |  247.0 |
        Bazaar |    512 |    512 |      0 |      0 |    341 |   2 |  256.0 |
         Sewer |    331 |    331 |      0 |      0 |    250 |   1 |  331.0 |
       Ossuary |    492 |    492 |      0 |    151 |    251 |   1 |  492.0 |
      Ice Cave |   1111 |   1111 |      0 |    360 |    516 |   1 | 1111.0 |
        Wizlab |   1750 |   1750 |      0 |    169 |    989 |   1 | 1750.0 |
    Desolation |   1143 |   1143 |      0 |    284 |    442 |   1 | 1143.0 |
      Gauntlet |    726 |    726 |      0 |    299 |    207 |   1 |  726.0 |
               +--------+--------+--------+--------+--------+-----+--------+

Top non-repeatable levels by time:
Vaults:4: 3005 daAuts
    D:13: 2872 daAuts
Spider:3: 2440 daAuts
    D:15: 2385 daAuts
   Orc:2: 2382 daAuts
    D:14: 2343 daAuts
    D:10: 2307 daAuts
Spider:4: 2200 daAuts
    D:11: 2134 daAuts
Vaults:5: 2038 daAuts
Vaults:1: 1998 daAuts
Spider:2: 1847 daAuts
     D:9: 1804 daAuts
Vaults:2: 1795 daAuts
  WizLab: 1750 daAuts
